 Dungeon Crawl Stone Soup version 0.28-a0-1429-gf3d713df7a (webtiles) character file.

Game seed: 16359745600091714773

22834 oldriver the Geomancer (level 12, 0/106 HPs)
             Began as a Demigod Earth Elementalist on Jan 8, 2022.
             Slain by a tyrant leech (23 damage)
             ... on level 2 of the Lair of Beasts.
             The game lasted 00:39:10 (19137 turns).

oldriver the Geomancer (DgEE)                      Turns: 19137, Time: 00:39:11

Health: 0/106      AC:  7    Str: 17    XL:     12   Next: 34%
Magic:  30/30      EV: 12    Int: 37    God:
Gold:   746        SH:  0    Dex: 14    Spells: 15/30 levels left

rFire   + + +      SeeInvis .   o - +0 trident of Koblu {vorpal, rPois rF++ rC- rN+}
rCold   . . .      Faith    .   s - +1 buckler
rNeg    + . .      Spirit   .   C - +2 robe {rC+ rF+}
rPois   +          Reflect  +   (no helmet)
rElec   .          Harm     .   b - scarf {shadows}
rCorr   .          Rampage  .   (no gloves)
Will    +....                   p - +2 pair of boots {Stlth+}
Stlth   ++........              F - amulet of reflection
HPRegen 0.27/turn               q - +6 ring of intelligence
MPRegen 0.22/turn               i - +6 ring of intelligence

@: confused, ambrosia-drunk, hasted, very quick
A: high mp 1, forlorn, divine attributes
a: no special abilities


You were on level 2 of the Lair of Beasts.
You visited 2 branches of the dungeon, and saw 14 of its levels.
You also visited: Bailey.

You collected 746 gold pieces.

Inventory:

Hand Weapons
 o - the +0 trident of Koblu (weapon) {vorpal, rPois rF++ rC- rN+}
   (You acquired it on level 10 of the Dungeon)

   It inflicts extra damage upon your enemies.
   rF:        It greatly protects you from fire.
   rC:        It makes you vulnerable to cold.
   rPois:     It protects you from poison.
   rN:        It protects you from negative energy.
 t - a +3 flail of holy wrath
Missiles
 c - 202 stones
Armour
 b - a scarf of shadows (worn)
 n - a +0 kite shield
 p - a +2 pair of boots of stealth (worn)
 s - a +1 buckler (worn)
 x - the +0 leather armour "Okum" {rF+++ rC- Will++ SInv}
   (You found it in a bailey)

   rF:        It renders you almost immune to fire.
   rC:        It makes you vulnerable to cold.
   SInv:      It lets you see invisible.
   Will:      It greatly increases your willpower.
 y - the +1 chain mail of Fividup {rC+ Regen+ Str+3}
   (You found it in a bailey)

   Str:       It affects your strength (+3).
   rC:        It protects you from cold.
   Regen:     It increases your rate of health regeneration.
 C - a +2 robe of resistance (worn)
 K - the +0 ring mail "Egirghap" {Int+4}
   (You found it on level 2 of the Lair of Beasts)

   Int:       It affects your intelligence (+4).
Jewellery
 i - a +6 ring of intelligence (right hand)
 j - a ring of wizardry
 q - a +6 ring of intelligence (left hand)
 F - an amulet of reflection (around neck)
 J - a +6 ring of strength
Wands
 k - a wand of flame (22)
 l - a wand of paralysis (22)
 u - a wand of acid (8)
Scrolls
 f - a scroll of summoning
 g - 6 scrolls of enchant armour
 r - a scroll of immolation {unknown}
 w - 4 scrolls of fog
 z - 4 scrolls of identify
 B - a scroll of magic mapping
 G - a scroll of amnesia
 I - a scroll of enchant weapon
Potions
 d - a potion of attraction {unknown}
 e - 2 potions of mutation
 m - 2 potions of degeneration {unknown}
 v - a potion of invisibility {unknown}
 A - 3 potions of haste
 D - 3 potions of brilliance
 E - a potion of lignification {unknown}
 H - 2 potions of flight {unknown}
Miscellaneous
 L - a lightning rod (4/4)


   Skills:
 + Level 10.1 Fighting
 - Level 5.0 Armour
 + Level 2.7 Dodging
 - Level 4.0 Stealth
 - Level 4.0 Shields
 + Level 9.5 Spellcasting
 - Level 4.0 Conjurations
 - Level 3.0 Necromancy
 - Level 0.8 Transmutations
 + Level 10.5 Earth Magic


You had 15 spell levels left.
You knew the following spells:

 Your Spells              Type           Power      Damage    Failure   Level
a - Sandblast             Erth           100%       2d20      1%          1
b - Passwall              Tmut/Erth      46%        N/A       1%          2
c - Stone Arrow           Conj/Erth      100%       3d13      1%          3
d - Petrify               Tmut/Erth      56%        N/A       2%          4
e - Borgnjor's Vile Clut  Necr/Erth      30%        N/A       4%          5

Your spell library contained the following spells:

 Spells                   Type           Power      Damage    Failure   Level
 Beastly Appendage        Tmut           48%        N/A       1%          1
 Magic Dart               Conj           100%       1d8       1%          1
 Corpse Rot               Necr/Air       56%        N/A       2%          2
 Wereblood                Tmut           24%        N/A       3%          2
 Leda's Liquefaction      Hex/Erth       27%        N/A       3%          4
 Call Imp                 Summ           17%        N/A       4%          2
 Mephitic Cloud           Conj/Pois/Air  27%        N/A       4%          3
 Spider Form              Tmut/Pois      20%        N/A       8%          3
 Call Canine Familiar     Summ           17%        N/A       9%          3
 Ozocubu's Armour         Ice            17%        N/A       9%          3
 Portal Projectile        Hex/Tloc       34%        N/A       9%          3
 Animate Dead             Necr           19%        N/A       9%          4
 Dispel Undead            Necr           39%        3d16      9%          4
 Passage of Golubria      Tloc           17%        N/A       28%         4
 Metabolic Englaciation   Hex/Ice        8%         N/A       63%         5
 Silence                  Hex/Air        8%         N/A       63%         5
 Death Channel            Necr           19%        N/A       78%         6
 Simulacrum               Ice/Necr       14%        N/A       94%         6
 Lehudib's Crystal Spear  Conj/Erth      32%        10d8      100%        8


Dungeon Overview and Level Annotations

Branches:
Dungeon (12/15)            Temple (0/1) D:6            Lair (2/6) D:10
    Orc (0/2) D:11         Bailey (visited)
  Swamp: Lair:2-4    Shoals: Lair:2-4     Snake: Lair:2-4    Spider: Lair:2-4

Annotations:
D:6 Sigmund
D:10 2 transporters, browni3141's ghost, novice MfGl


Innate Abilities, Weirdness & Mutations

You have an increased reservoir of magic. (+10% MP)
You shall have no god before yourself.
Your divine heritage dramatically boosts your attributes as you level up.


Message History

The tyrant leech bites you!
* * * LOW HITPOINT WARNING * * *
The tyrant leech draws strength from your injuries!
Okay, then.
Okay, then.
You feel better.
The swamp worm fires a harpoon shot at you.
The harpoon shot reflects off an invisible shield around you!
The harpoon shot hits the swamp worm!
You feel better.
The swamp worm fires a harpoon shot at you.
The harpoon shot hits you!
* * * LOW HITPOINT WARNING * * *
You are yanked forward by the harpoon shot.
The tyrant leech completely misses you. The swamp worm bites you.
* * * LOW HITPOINT WARNING * * *
Okay, then.
Okay, then.
Okay, then.
Casting: Stone Arrow (safe; 1% risk of failure)
Confirm with . or Enter, or press ? or * to list all spells.
Aiming: Stone Arrow (safe; 1% risk of failure)
Press: ? - help, Shift-Dir - straight line, f - swamp worm, p - tyrant leech
Aim: a swamp worm (water, heavily wounded, 72% to hit)
The stone arrow hits the swamp worm!!
You kill the swamp worm!
You block the tyrant leech's attack.
Unknown command.
You feel better.
The tyrant leech bites you but does no damage.
You feel yourself speed up. The tyrant leech bites you!
* * * LOW HITPOINT WARNING * * *
The tyrant leech draws strength from your injuries!
Unknown command.
You are confused.
You feel invigorated. The tyrant leech barely misses you.
You bump into the tree.
You bump into the tree.
The tyrant leech bites you!!
You die...

♣♣≈≈≈♣ ##..## ♣≈≈≈≈♣ ##..### §
♣≈≈≈≈♣ ##.#P### ♣.♣≈≈≈≈♣
##.P..≈##### ♣..≈≈≈≈♣##
#.....≈≈..≈. ♣...≈≈≈♣.#
###..≈≈≈≈≈≈≈ ♣..≈≈...#
#..≈≈≈≈..≈ ♣♣.♣≈.w.##
#.≈≈≈≈.... ♣♣.♣@.#
###.≈≈≈≈..P. ♣♣♣.##
#.#.≈≈≈≈.≈.. ♣♣♣♣
♣..######..≈≈≈≈≈≈≈. ♣..♣###
#....##..#.≈≈≈≈≈≈≈≈
#.....####..........≈≈..≈≈≈
##.......P.#..#...........≈≈
##...................##......
#.....................##.....
##.......÷....#..#####..#.....


You could see a tyrant leech.

Vanquished Creatures
  A hydra (Lair:2)
  A centaur warrior (D:9)
  3 two-headed ogres
  Sonja (D:10)
  2 orc knights (Bailey)
  An orc sorcerer (Bailey)
  6 elephants
  Joseph (D:8)
  Maggie (D:8)
  6 cane toads
  A rime drake (Lair:2)
  A kobold demonologist (Bailey)
  3 komodo dragons (Lair:1)
  2 trolls (D:10)
  2 hornets (D:8)
  5 blink frogs
  Prince Ribbit (D:8)
  A wyvern (Lair:1)
  23 yaks
  A basilisk (Lair:2)
  A steam dragon (D:7)
  A vampire mosquito (D:8)
  2 swamp worms (Lair:2)
  10 water moccasins
  An acid dragon (D:11)
  2 ice beasts
  7 orc warriors
  2 black bears
  8 wolves
  2 ogres
  2 centaurs (D:10)
  2 kobold brigands
  8 bullfrogs
  2 gnoll sergeants
  3 scorpions
  6 killer bees (D:8)
  3 electric eels
  6 howler monkeys
  3 centaur zombies
  3 jellies
  3 hounds (D:10)
  An orc priest (D:7)
  A centaur skeleton (D:5)
  A gnoll shaman (D:5)
  An iguana (D:3)
  7 orc wizards
  A hound zombie (D:5)
  A hound skeleton (D:4)
  21 gnolls
  8 adders
  A river rat (Lair:2)
  2 white imps
  An ufetubus (D:3)
  5 dart slugs
  28 orcs
  7 endoplasms
  4 giant cockroaches
  13 goblins
  13 hobgoblins
  2 jackals (D:3)
  15 kobolds
  2 quokkas
  6 ball pythons
  3 bats (D:2)
  6 rats
290 creatures vanquished.

Vanquished Creatures (collateral kills)
  An orc knight (Bailey)
1 creature vanquished.

Vanquished Creatures (others)
  9 fungi
  14 plants
23 creatures vanquished.

Grand Total: 314 creatures vanquished

Notes
Turn   | Place    | Note
-------+----------+-------------------------------------------
     0 | D:1      | oldriver the Demigod Earth Elementalist began the quest for
                  | the Orb.
     0 | D:1      | Reached XP level 1. HP: 14/14 MP: 5/5
   433 | D:1      | Reached XP level 2. HP: 19/22 MP: 7/7
   698 | D:1      | Reached skill level 1 in Fighting
  1289 | D:2      | Reached XP level 3. HP: 27/28 MP: 2/9
  1848 | D:3      | Reached XP level 4. HP: 36/36 MP: 4/10
  2628 | D:4      | Reached XP level 5. HP: 42/42 MP: 9/12
  2902 | D:4      | Noticed a black bear
  2914 | D:4      | Killed a black bear
  3291 | D:4      | Reached XP level 6. HP: 38/51 MP: 7/14
  3685 | D:5      | Entered Level 5 of the Dungeon
  4150 | D:5      | Reached XP level 7. HP: 26/58 MP: 10/16
  4220 | D:5      | Learned a level 2 spell: Passwall
  4224 | D:5      | Learned a level 3 spell: Stone Arrow
  4519 | D:5      | Reached skill level 5 in Earth Magic
  5039 | D:6      | Noticed Sigmund
  5359 | D:6      | Found a staircase to the Ecumenical Temple.
  5604 | D:6      | Reached skill level 1 in Shields
  5893 | D:7      | Noticed a two-headed ogre
  5897 | D:7      | Killed a two-headed ogre
  5898 | D:7      | Reached skill level 5 in Fighting
  5898 | D:7      | Reached skill level 5 in Spellcasting
  5898 | D:7      | Reached XP level 8. HP: 69/69 MP: 5/19
  6075 | D:7      | Identified the +0 falchion of Sin {vorpal, *Rage rF++ Str+3
                  | Stlth+}
  6971 | D:8      | Noticed Prince Ribbit
  6973 | D:8      | Noticed a two-headed ogre
  6974 | D:8      | Noticed Joseph
  7332 | D:8      | Reached XP level 9. HP: 75/75 MP: 14/21
  7730 | D:8      | Killed Prince Ribbit
  8009 | D:8      | Killed a two-headed ogre
  8499 | D:8      | Noticed Maggie
  8505 | D:8      | Killed Maggie
  8740 | D:8      | Killed Joseph
  8869 | D:8      | Reached XP level 10. HP: 74/86 MP: 14/24
  9359 | D:9      | Found a flagged portal.
  9372 | Bailey   | Entered a bailey
  9463 | Bailey   | Learned a level 4 spell: Petrify
  9784 | Bailey   | Noticed an orc knight
  9791 | Bailey   | Killed an orc knight
 10108 | Bailey   | Acquired a +2 pair of boots of stealth
 10116 | Bailey   | Noticed an orc sorcerer
 10349 | Bailey   | Killed an orc sorcerer
 10422 | Bailey   | Noticed an orc knight
 10436 | Bailey   | Killed an orc knight
 10629 | Bailey   | Identified the +0 leather armour "Okum" {rF+++ rC- Will++
                  | SInv}
 10631 | Bailey   | Identified the +1 chain mail of Fividup {rC+ Regen+ Str+3}
 10742 | Bailey   | Noticed an orc knight
 10763 | Bailey   | Killed an orc knight
 11514 | D:9      | You fall into a shaft and drop 3 floors!
 11514 | D:12     | Noticed a cyclops
 11620 | D:10     | Entered Level 10 of the Dungeon
 11635 | D:10     | Acquired the +0 trident of Koblu {vorpal, rPois rF++ rC-
                  | rN+}
 11708 | D:10     | Noticed Sonja
 11711 | D:10     | Killed Sonja
 11712 | D:10     | Reached skill level 1 in Armour
 11983 | D:10     | Found a transporter.
 11983 | D:10     | Noticed browni3141's ghost (novice MfGl)
 12044 | D:10     | Noticed an ogre mage
 12047 | D:10     | Noticed a cyclops
 12649 | D:9      | Noticed a centaur warrior
 12706 | D:9      | Reached XP level 11. HP: 95/95 MP: 9/27
 12962 | D:9      | Killed a centaur warrior
 13119 | D:10     | Reached skill level 1 in Conjurations
 13523 | D:10     | Noticed a two-headed ogre
 13533 | D:10     | Killed a two-headed ogre
 13581 | D:10     | Found a staircase to the Lair.
 13882 | D:10     | Found a transporter.
 14308 | Lair:1   | Entered Level 1 of the Lair of Beasts
 14492 | Lair:1   | Learned a level 5 spell: Borgnjor's Vile Clutch
 14878 | Lair:1   | Reached skill level 1 in Necromancy
 15948 | Lair:1   | Reached skill level 10 in Earth Magic
 16998 | Lair:1   | Reached XP level 12. HP: 88/106 MP: 17/29
 17271 | Lair:2   | Identified the +0 ring mail "Egirghap" {Int+4}
 17614 | Lair:1   | Upgraded the game from 0.28-a0-1415-g7c84da036a to
                  | 0.28-a0-1429-gf3d713df7a
 17618 | Lair:2   | Noticed a four-headed hydra
 17625 | Lair:2   | Killed a four-headed hydra
 18299 | Lair:2   | Reached skill level 5 in Armour
 18389 | Lair:2   | Reached skill level 10 in Fighting
 19126 | Lair:2   | HP: 4/106 [tyrant leech (10)]
 19137 | Lair:2   | Slain by a tyrant leech

Illustrated notes

Levels and vault maps discovered:
D:1:      dpeg_arrival_rooms_a, layout_rooms
D:2:      layout_rooms
D:3:      layout_loops_ring, ebering_ecumenical_altar_sacrificial
D:4:      layout_loops_ring
D:5:      layout_basic, marbit_many_paths
D:6:      layout_rooms, minmay_temple_entry_offerings, uniq_sigmund
D:7:      layout_rooms
D:8:      layout_cave_pods, small_chamber_with_monster, uniq_joseph,
          uniq_prince_ribbit1, uniq_maggie
D:9:      layout_cave_pools, enter_bailey_5
D:10:     layout_long_grid, erik_lair_island, gammafunk_ghost_arena, uniq_sonja
D:11:     layout_roguey, minmay_orc_entry_guard_dogs
D:12:     layout_small_grid
Lair:1:   layout_chaotic_city, grunt_megastairs_1
Lair:2:   layout_cave_pods, palyth_hydra_swamp_entry, pond, grunt_megastairs_4,
          serial_bayou_shore_b

Skill      XL: |  1  2  3  4  5  6  7  8  9 10 11 12 |
---------------+-------------------------------------+-----
Spellcasting   | 2 3 4 5 7 8 9 |  9.5
Earth Magic    | 3 4 6 8 9 10 | 10.5
Fighting       | 1 2 3 5 6 7 8 9 10 | 10.1
Shields        | 2 3 4 |  4.0
Stealth        | 4 |  4.0
Armour         | 1 4 5 |  5.0
Conjurations   | 3 4 |  4.0
Necromancy     | 2 3 |  3.0
Dodging        | 2 |  2.7
Transmutations | |  0.8

Action                   |  1- 3 |  4- 6 |  7- 9 | 10-12 || total
-------------------------+-------+-------+-------+-------++-------
Melee: Hand axe          |    32 |    36 |       |       ||    68
       Punch             |       |     1 |       |       ||     1
       Flail             |       |       |    18 |     4 ||    22
       Trident           |       |       |       |    26 ||    26
 Cast: Sandblast         |    49 |    53 |     9 |    54 ||   165
       Stone Arrow       |       |       |   105 |   307 ||   412
       Petrify           |       |       |       |     7 ||     7
       Borgnjor's Vile C |       |       |       |     4 ||     4
  Use: Scroll            |       |       |    16 |     5 ||    21
       Potion            |       |       |     1 |     9 ||    10
 Stab: Sleeping          |     1 |     2 |       |       ||     3
Armor: Robe              |     9 |    11 |     1 |    39 ||    60
       Steam dragon scal |       |       |    11 |     7 ||    18
       Ring mail         |       |       |       |     3 ||     3
Dodge: Dodged            |    45 |    31 |    27 |    93 ||   196
Block: Buckler           |       |       |     9 |    69 ||    78
       Reflection        |       |       |       |     1 ||     1

Table legend: (Time is in decaauts)
 A = Elapsed time spent in this place.
 B = Non-inter-level travel time spent in this place.
 C = Inter-level travel time spent in this place.
 D = Time resting spent in this place.
 E = Time spent auto-exploring this place.
 F = Levels seen in this place.
 G = Mean time per level.
                   A        B        C        D        E       F      G
               +--------+--------+--------+--------+--------+-----+--------+
         Total |  19167 |  18302 |    865 |   6914 |   7864 |  15 | 1277.8 |
       Dungeon |  13131 |  12342 |    789 |   3849 |   6373 |  12 | 1094.2 |
          Lair |   4223 |   4148 |     75 |   1956 |   1311 |   2 | 2111.5 |
        Bailey |   1812 |   1812 |      0 |   1108 |    179 |   1 | 1812.0 |
               +--------+--------+--------+--------+--------+-----+--------+

Top non-repeatable levels by time:
  Lair:1: 2655 daAuts
     D:8: 2023 daAuts
    D:10: 1868 daAuts
  Bailey: 1812 daAuts
  Lair:2: 1568 daAuts
     D:7: 1473 daAuts
     D:5: 1468 daAuts
     D:9: 1170 daAuts
     D:4: 1151 daAuts
     D:1: 916 daAuts
     D:2: 853 daAuts
     D:3: 851 daAuts
     D:6: 819 daAuts
    D:11: 519 daAuts
    D:12: 13 daAuts
